 Dungeon Crawl Stone Soup version 0.22.0-75-g3901e7991e (webtiles) character file.

3954 IceCat the Fighter (level 10, -1/121 HPs)
             Began as a Gnoll Wanderer on Sept 12, 2018.
             Was an Initiate of Cheibriados.
             Slain by a killer bee (6 damage)
             ... on level 8 of the Dungeon.
             The game lasted 00:27:46 (10048 turns).

IceCat the Fighter (Gnoll Wanderer)                Turns: 10048, Time: 00:27:46

Health: -1/121     AC: 25    Str: 19    XL:     10   Next: 21%
Magic:  7/17       EV:  2    Int: 15    God:    Cheibriados [......]
Gold:   373        SH:  0    Dex: 16    Spells: 19/19 levels left

rFire    x . .     SeeInvis .   N - +0 spear (vamp)
rCold    + . .     Gourm    +   (no shield)
rNeg     + + +     Faith    .   (armour currently unavailable)
rPois    +         Spirit   .   (helmet currently unavailable)
rElec    .         Reflect  .   (cloak currently unavailable)
rCorr    .         Harm     .   (gloves currently unavailable)
MR       .....     NoTele   +   (boots currently unavailable)
Stlth    +++.......             l - amulet of the gourmand
HPRegen  0.30/turn              o - ring of ice
MPRegen  0.15/turn              B - ring of wizardry

@: lethally poisoned (-1 -> -17), tree-form, heavily drained, very slow
A: distributed training, strong nose
a: Bend Time, Renounce Religion


You were on level 8 of the Dungeon.
You worshipped Cheibriados.
Cheibriados was noncommittal.
You were not hungry.
You were a tree.
You visited 1 branch of the dungeon, and saw 9 of its levels.
You also visited: Bailey.

You collected 373 gold pieces.

Inventory:

Hand Weapons
 a - a +3 spear
 e - a +0 dagger
 z - the +1 flail of Ru's Castigation {chaos, Int+4}
   (You took it off an orc on level 5 of the Dungeon)

   Each time it hits an enemy it has a different, random effect.
   It affects your intelligence (+4).
   Cheibriados disapproves of the use of such an item.
 I - a +0 vampiric trident
 J - a +3 halberd
 N - a +0 vampiric spear (weapon)
Missiles
 u - 2 tomahawks of returning (quivered)
 F - 2 exploding tomahawks
Armour
 d - a +0 pair of gloves (melded)
 h - a +0 ring mail (melded)
 m - a +1 hat (melded)
 w - a scarf of spirit shield (melded)
 L - a cursed +0 scale mail
Jewellery
 g - an uncursed ring of fire
 l - an amulet of the gourmand (around neck)
 o - a ring of ice (left branch)
 t - an uncursed amulet of regeneration
 B - a ring of wizardry (right branch)
Scrolls
 j - 3 scrolls of magic mapping
 k - 3 scrolls of enchant weapon
 p - 3 scrolls of amnesia
 q - 6 scrolls of identify
 v - 3 scrolls of remove curse
 y - 2 scrolls of immolation {unknown}
 D - a scroll of enchant armour
 E - a scroll of teleportation
 G - a scroll of fog {unknown}
 K - a scroll of noise {unknown}
Potions
 b - a potion of mutation {unknown}
 c - 3 potions of lignification
 i - a potion of haste
 n - 2 potions of agility {unknown}
 r - 7 potions of curing
 s - 3 potions of brilliance {unknown}
 x - a potion of flight {unknown}
 A - 2 potions of magic {unknown}
 C - 3 potions of degeneration {unknown}
 H - a potion of cancellation {unknown}
 M - a potion of heal wounds {unknown}
Comestibles
 f - 17 rations
 O - 3 chunks of flesh


   Skills:
 + Level 8.3(6.5) Fighting
 + Level 5.0(3.4) Short Blades
 + Level 5.0(3.4) Long Blades
 + Level 5.0(3.4) Axes
 + Level 5.0(3.4) Maces & Flails
 + Level 6.8(5.1) Polearms
 + Level 5.0(3.4) Staves
 + Level 5.0(3.4) Slings
 + Level 5.6(4.0) Bows
 + Level 5.0(3.4) Crossbows
 + Level 5.0(3.4) Throwing
 + Level 5.6(4.0) Armour
 + Level 5.0(3.4) Dodging
 + Level 6.6(4.9) Stealth
 + Level 5.6(4.0) Shields
 + Level 5.0(3.4) Unarmed Combat
 + Level 5.0(3.4) Spellcasting
 + Level 4.1(2.5) Conjurations
 + Level 4.1(2.5) Hexes
 + Level 4.1(2.5) Charms
 + Level 4.1(2.5) Summonings
 + Level 4.1(2.5) Necromancy
 + Level 4.1(2.5) Translocations
 + Level 4.1(2.5) Transmutations
 + Level 4.1(2.5) Fire Magic
 + Level 4.1(2.5) Ice Magic
 + Level 4.1(2.5) Air Magic
 + Level 4.1(2.5) Earth Magic
 + Level 4.1(2.5) Poison Magic
 + Level 5.4(3.8) Invocations
 + Level 5.0(3.4) Evocations


You had 19 spell levels left.
You didn't know any spells.
Your spell library contained the following spells:

 Spells                   Type           Power        Failure   Level  Hunger
 Corona                   Hex            ##.....      2%          1    None


Dungeon Overview and Level Annotations

Branches:
Dungeon (9/15)             Temple (0/1) D:6
   Lair: D:8-11         Orc: D:9-12

Altars:
Ashenzari
Cheibriados
Hepliaklqana
Kikubaaqudgha
Makhleb
Okawaru
Qazlal
Sif Muna
Trog
Vehumet
Xom
Zin

Annotations:
D:5 Menkaure


Innate Abilities, Weirdness & Mutations

Your experience applies equally to all skills.
((You have very sharp teeth.))
Your uncanny sense of smell can sniff out nearby items.


Message History

You hit the scorpion.
You feel better.
The scorpion is lightly wounded.
* * * LOW HITPOINT WARNING * * *
You feel sick.
The killer bee stings you but does no damage. x2
The scorpion stings you but does no damage.
The killer bee stings you but does no damage. x2
You hit the scorpion.
You feel better.
The scorpion is moderately wounded.
* * * LOW HITPOINT WARNING * * *
You feel sick. The killer bee stings you.
* * * LOW HITPOINT WARNING * * *
The killer bee stings you but does no damage.
The scorpion barely misses you.
The killer bee stings you but does no damage.
You barely miss the scorpion.
The scorpion is moderately wounded.
* * * LOW HITPOINT WARNING * * *
You feel sick. The killer bee stings you.
You die...

#))## #...# ##..#
########..## ####
#..........# ...#
#.........(# ...#
#..........##
...###........#yy#
...............s♣#
...###........####
...# ##########
####


You could see a scorpion and 2 killer bees.

Vanquished Creatures
  Sigmund (D:5)
  A spriggan (D:7)
  A wraith (D:6)
  A hungry ghost (D:8)
  Edmund (D:5)
  2 ice beasts
  3 sky beasts
  A black bear (D:8)
  4 centaurs
  Blork the orc (D:5)
  A big kobold (D:7)
  4 bullfrogs
  A wyvern zombie (D:8)
  A water moccasin zombie (D:5)
  3 scorpions
  13 wights
  2 howler monkeys (D:6)
  2 crimson imps (D:6)
  2 jellies
  3 hounds
  4 orc priests
  3 bullfrog skeletons
  5 iguanas
  4 orc wizards
  5 worker ants
  10 adders
  4 gnolls
  3 oozes
  An adder skeleton (D:4)
  An adder zombie (D:5)
  4 worms
  A dart slug (D:2)
  8 leopard geckos
  16 orcs
  7 giant cockroaches
  6 goblins
  11 hobgoblins
  12 jackals
  2 quokkas
  2 ball pythons (D:3)
  9 bats
  5 frilled lizards
  A giant cockroach zombie (D:5)
  12 kobolds
  A quokka skeleton (D:4)
  4 rats
189 creatures vanquished.

Notes
Turn   | Place    | Note
-------+----------+-------------------------------------------
     0 | D:1      | IceCat the Gnoll Wanderer began the quest for the Orb.
     0 | D:1      | IceCat set off with: a +2 spear, a scroll of teleportation,
                  | a potion of lignification, a +0 robe, a +0 dagger, a ration
     0 | D:1      | Reached XP level 1. HP: 23/23 MP: 1/1
   295 | D:1      | Reached XP level 2. HP: 29/29 MP: 2/2
   359 | D:1      | You fall through a shaft!
   614 | D:1      | Reached XP level 3. HP: 35/35 MP: 3/3
  1230 | D:2      | Reached skill level 1 in Invocations
  1454 | D:2      | Reached skill level 1 in Short Blades
  1454 | D:2      | Reached skill level 1 in Long Blades
  1454 | D:2      | Reached skill level 1 in Axes
  1454 | D:2      | Reached skill level 1 in Maces & Flails
  1454 | D:2      | Reached skill level 1 in Staves
  1454 | D:2      | Reached skill level 1 in Slings
  1454 | D:2      | Reached skill level 1 in Crossbows
  1454 | D:2      | Reached skill level 1 in Throwing
  1454 | D:2      | Reached skill level 1 in Dodging
  1454 | D:2      | Reached skill level 1 in Unarmed Combat
  1454 | D:2      | Reached skill level 1 in Spellcasting
  1454 | D:2      | Reached skill level 1 in Evocations
  1497 | D:2      | Reached XP level 4. HP: 40/41 MP: 5/5
  2181 | D:2      | Found a radiant altar of Vehumet.
  2181 | D:2      | Found an ancient bone altar of Kikubaaqudgha.
  2183 | D:2      | Found a deep blue altar of Sif Muna.
  2189 | D:2      | Identified Sif Muna's Collected Works on the Oath
  2379 | D:3      | Reached skill level 1 in Conjurations
  2379 | D:3      | Reached skill level 1 in Hexes
  2379 | D:3      | Reached skill level 1 in Charms
  2379 | D:3      | Reached skill level 1 in Summonings
  2379 | D:3      | Reached skill level 1 in Necromancy
  2379 | D:3      | Reached skill level 1 in Translocations
  2379 | D:3      | Reached skill level 1 in Transmutations
  2379 | D:3      | Reached skill level 1 in Fire Magic
  2379 | D:3      | Reached skill level 1 in Ice Magic
  2379 | D:3      | Reached skill level 1 in Air Magic
  2379 | D:3      | Reached skill level 1 in Earth Magic
  2379 | D:3      | Reached skill level 1 in Poison Magic
  2497 | D:3      | Reached XP level 5. HP: 42/47 MP: 1/6
  3265 | D:3      | Reached XP level 6. HP: 34/53 MP: 4/8
  3524 | D:5      | Entered Level 5 of the Dungeon
  3533 | D:5      | Got a shimmering flail {chaos}
  3534 | D:5      | Identified the cursed +1 flail of Ru's Castigation {chaos,
                  | Int+4} (You took it off an orc on level 5 of the Dungeon)
  3868 | D:4      | Reached skill level 5 in Polearms
  4496 | D:4      | Reached XP level 7. HP: 48/59 MP: 7/10
  4681 | D:5      | Reached skill level 7 in Fighting
  5065 | D:5      | Reached skill level 5 in Stealth
  5172 | D:5      | Noticed Menkaure
  5251 | D:5      | Noticed Blork the orc
  5331 | D:6      | Reached XP level 8. HP: 60/67 MP: 12/12
  5493 | D:6      | Found a staircase to the Ecumenical Temple.
  5543 | D:6      | Noticed a wraith
  5859 | D:6      | Killed a wraith
  6406 | D:5      | Noticed Edmund
  6443 | D:5      | Killed Edmund
  6443 | D:5      | Reached XP level 9. HP: 27/72 MP: 5/14
  6627 | D:5      | Killed Blork the orc
  6833 | D:5      | Noticed Sigmund
  6868 | D:5      | Killed Sigmund
  7004 | D:5      | Found an iron altar of Okawaru.
  7204 | D:7      | Reached skill level 5 in Bows
  7204 | D:7      | Reached skill level 5 in Armour
  7204 | D:7      | Reached skill level 5 in Shields
  7259 | D:7      | Found a hazy altar of Hepliaklqana.
  7354 | D:7      | Noticed an angel
  7356 | D:7      | Found a shimmering altar of Xom.
  7357 | D:7      | Found a glowing silver altar of Zin.
  7677 | D:7      | Reached skill level 8 in Fighting
  8091 | D:7      | Found a bloodstained altar of Trog.
  8551 | D:8      | Reached skill level 5 in Invocations
  8612 | D:8      | Found a flagged portal.
  8793 | Bailey   | Entered a bailey
  9128 | D:8      | Reached XP level 10. HP: 78/80 MP: 14/17
  9887 | D:8      | Found a hazy altar of Hepliaklqana.
  9888 | D:8      | Found a burning altar of Makhleb.
  9888 | D:8      | Found a stormy altar of Qazlal.
  9896 | D:8      | Found a shattered altar of Ashenzari.
  9896 | D:8      | Found a snail-covered altar of Cheibriados.
  9906 | D:8      | Became a worshipper of Cheibriados the Contemplative
 10021 | D:8      | Reached skill level 5 in Short Blades
 10021 | D:8      | Reached skill level 5 in Long Blades
 10021 | D:8      | Reached skill level 5 in Axes
 10021 | D:8      | Reached skill level 5 in Maces & Flails
 10021 | D:8      | Reached skill level 5 in Staves
 10021 | D:8      | Reached skill level 5 in Slings
 10021 | D:8      | Reached skill level 5 in Crossbows
 10021 | D:8      | Reached skill level 5 in Throwing
 10021 | D:8      | Reached skill level 5 in Dodging
 10021 | D:8      | Reached skill level 5 in Unarmed Combat
 10021 | D:8      | Reached skill level 5 in Spellcasting
 10021 | D:8      | Reached skill level 5 in Evocations
 10047 | D:8      | HP: 6/121 [killer bee (4)]
 10048 | D:8      | Slain by a killer bee

Skill      XL: |  1  2  3  4  5  6  7  8  9 10 |
---------------+-------------------------------+-----
Invocations    | 1 2 3 4 5 |  5.4
Short Blades   | 1 2 3 4 5 |  5.0
Long Blades    | 1 2 3 4 5 |  5.0
Axes           | 1 2 3 4 5 |  5.0
Maces & Flails | 1 2 3 4 5 |  5.0
Staves         | 1 2 3 4 5 |  5.0
Slings         | 1 2 3 4 5 |  5.0
Crossbows      | 1 2 3 4 5 |  5.0
Throwing       | 1 2 3 4 5 |  5.0
Dodging        | 1 2 3 4 5 |  5.0
Unarmed Combat | 1 2 3 4 5 |  5.0
Spellcasting   | 1 2 3 4 5 |  5.0
Evocations     | 1 2 3 4 5 |  5.0
Conjurations   | 1 2 3 4 |  4.1
Hexes          | 1 2 3 4 |  4.1
Charms         | 1 2 3 4 |  4.1
Summonings     | 1 2 3 4 |  4.1
Necromancy     | 1 2 3 4 |  4.1
Translocations | 1 2 3 4 |  4.1
Transmutations | 1 2 3 4 |  4.1
Fire Magic     | 1 2 3 4 |  4.1
Ice Magic      | 1 2 3 4 |  4.1
Air Magic      | 1 2 3 4 |  4.1
Earth Magic    | 1 2 3 4 |  4.1
Poison Magic   | 1 2 3 4 |  4.1
Bows           | 3 4 5 |  5.6
Armour         | 3 4 5 |  5.6
Shields        | 3 4 5 |  5.6
Polearms       | 5 6 |  6.8
Fighting       | 7 8 |  8.3
Stealth        | 5 6 |  6.6

Action                   |  1- 3 |  4- 6 |  7- 9 | 10-12 || total
-------------------------+-------+-------+-------+-------++-------
Melee: Spear             |   108 |   205 |   584 |   184 ||  1081
       Bite              |     5 |    22 |    88 |    17 ||   132
       Flail             |       |    49 |       |       ||    49
       Punch             |       |       |     4 |     4 ||     8
Throw: Tomahawk          |       |       |    23 |     9 ||    32
       Throwing net      |       |       |       |     1 ||     1
  Use: Scroll            |       |     7 |     3 |       ||    10
       Potion            |       |       |     1 |     1 ||     2
 Stab: Sleeping          |     6 |     5 |    13 |     2 ||    26
       Distracted        |       |       |     1 |       ||     1
  Eat: Chunk             |     9 |    11 |    19 |     3 ||    42
       Ration            |       |       |       |     2 ||     2
Armor: Ring mail         |     9 |    75 |   134 |    59 ||   277
       Skin              |       |       |       |    17 ||    17
Dodge: Dodged            |    31 |   155 |   239 |   139 ||   564
